 Dungeon Crawl Stone Soup version 0.30-a0-121-gb27577e5d9 (webtiles) character file.

Game seed: 671517027778141588

43384 ragingrage the Warrior (level 14, -1/123 HPs)
             Began as a Barachi Fighter on Sept 14, 2022.
             Was a High Priest of Fedhas.
             Killed by an exploding ballistomycete spore (37 damage)
             ... on level 5 of the Lair of Beasts.
             The game lasted 00:24:53 (16155 turns).

ragingrage the Warrior (Barachi Fighter)           Turns: 16155, Time: 00:24:54

Health: -1/123     AC: 21    Str: 17    XL:     14   Next: 24%
Magic:  21/21      EV: 14    Int: 11    God:    Fedhas [*****.]
Gold:   2529       SH:  0    Dex: 15    Spells: 13/13 levels left

rFire   . . .      SeeInvis +    a - +7 scimitar (freeze)
rCold   . . .      Faith    .    c - +0 buckler
rNeg    . . .      Spirit   .    C - +0 swamp dragon scales
rPois   +          Reflect  .    m - +0 helmet
rElec   .          Harm     .    Y - +1 cloak
rCorr   +          Rampage  .    y - +2 pair of gloves
Will    +....                    p - +2 pair of boots
Stlth   ..........               j - amulet of regeneration
HPRegen 1.10/turn                Q - ring of resist corrosion
MPRegen 0.17/turn                k - ring of see invisible

@: confused, spiked, slow
A: amphibious, slowness 1, strong legs 2, +LOS
a: Hop, Renounce Religion, Wall of Briars, Grow Ballistomycete, Overgrow, Grow
Oklob


You were on level 5 of the Lair of Beasts.
You worshipped Fedhas.
Fedhas was extremely pleased with you.
You visited 2 branches of the dungeon, and saw 18 of its levels.
You also visited: Sewer.

You collected 2529 gold pieces.

Inventory:

Hand Weapons
 a - a +7 scimitar of freezing (weapon)
 b - a +1 scimitar of flaming
Missiles
 B - 38 poisoned darts (quivered)
 D - a throwing net
 L - a curare-tipped dart
 X - 2 javelins
Armour
 c - a +0 buckler (worn)
 m - a +0 helmet (worn)
 p - a +2 pair of boots (worn)
 y - a +2 pair of gloves (worn)
 C - +0 swamp dragon scales (worn)
 Y - a +1 cloak (worn)
Jewellery
 j - an amulet of regeneration (around neck)
 k - a ring of see invisible (right hand)
 o - a ring of protection from cold
 Q - a ring of resist corrosion (left hand)
 T - a +6 ring of strength
Wands
 s - a wand of polymorph (23)
 A - a wand of mindburst (27)
 G - a wand of flame (12)
 O - a wand of quicksilver (7)
 S - a wand of charming (4)
Scrolls
 f - 7 scrolls of teleportation
 h - a scroll of torment
 q - 3 scrolls of fear
 r - 5 scrolls of identify
 t - 4 scrolls of blinking
 w - 3 scrolls of enchant armour
 x - 3 scrolls of magic mapping
 H - 6 scrolls of enchant weapon
 M - 3 scrolls of silence
 V - a scroll of fog
 W - 2 scrolls of amnesia
Potions
 d - 3 potions of might
 e - a potion of haste
 i - 2 potions of flight
 n - 7 potions of curing
 u - 5 potions of cancellation
 z - 10 potions of heal wounds
 E - a potion of invisibility
 F - 2 potions of brilliance
 I - 3 potions of mutation
 J - a potion of berserk rage
 K - a potion of magic
 N - 3 potions of lignification
 P - a potion of resistance
 R - a potion of ambrosia
Miscellaneous
 l - a lightning rod (4/4)
 U - a condenser vane


   Skills:
 + Level 15.6 Fighting
 - Level 14.0 Long Blades
 + Level 10.1 Armour
 + Level 8.4 Dodging
 + Level 6.7 Shields
 + Level 9.7 Invocations
 + Level 7.4 Evocations


You had 13 spell levels left.
You didn't know any spells.
Your spell library contained the following spells:

 Spells                   Type           Power      Damage    Failure   Level
 Freeze                   Ice            0%         1d3       58%         1
 Necrotise                Necr           0%         1d4       58%         1
 Cigotuvi's Dreadful Rot  Necr/Pois/Air  0%         N/A       73%         2
 Ensorcelled Hibernation  Hex/Ice        0%         N/A       73%         2
 Poisonous Vapours        Pois/Air       0%         N/A       73%         2
 Frozen Ramparts          Ice            0%         1d1       91%         3
 Spider Form              Tmut/Pois      0%         N/A       91%         3
 Vampiric Draining        Necr           0%         2d6       91%         3
 Anguish                  Hex/Necr       0%         N/A       100%        4
 Hailstorm                Conj/Ice       0%         3d3       100%        4
 Passage of Golubria      Tloc           0%         N/A       100%        4
 Summon Ice Beast         Ice/Summ       0%         N/A       100%        4
 Agony                    Necr           0%         N/A       100%        5
 Polar Vortex             Ice            0%         N/A       100%        9


Dungeon Overview and Level Annotations

Branches:
Dungeon (13/15)            Temple (0/1) D:5            Lair (5/5) D:10
 Shoals (0/4) Lair:2        Snake (0/4) Lair:3        Slime (0/5) Lair:4
    Orc (0/2) D:11          Sewer (visited)
 Vaults: D:13-14

Altars:
Elyvilon
Fedhas
Hepliaklqana
Kikubaaqudgha
Makhleb
Qazlal
Uskayaw
Vehumet
Wu Jian

Annotations:
D:2 exclusion: downstairs
D:10 3 runed translucent doors, ragingrage's ghost, novice DsCK
Lair:3 exclusion: downstairs


Innate Abilities, Weirdness & Mutations

You are amphibious.
You cover ground slowly.
You can hop long distances.
You have an extended range of vision and can be seen from far away.


Message History

You kill the komodo dragon!
Fedhas appreciates your contribution to the ecosystem.
You hear a screech!
You hit the komodo dragon. You freeze the komodo dragon.
The komodo dragon is lightly wounded.
The manticore flicks its tail.
The volley of spikes hits you.
The barbed spikes become lodged in your body.
The komodo dragon bites you but does no damage.
You slash the komodo dragon! You freeze the komodo dragon.
The komodo dragon is heavily wounded.
The manticore flicks its tail.
The volley of spikes hits you but does no damage.
The komodo dragon barely misses you.
You slice the komodo dragon!!
The komodo dragon seems to slow down.
You freeze the komodo dragon.
You kill the komodo dragon!
Fedhas appreciates your contribution to the ecosystem.
The manticore flicks its tail.
The volley of spikes hits you!
The barbed spikes become lodged in your body.
A ballistomycete spore comes into view.
The barbs in your skin will harm you if you move.
Continue?
The barbed spikes dig painfully into your body as you move.
There is a stone staircase leading up, spattered with blood here.
You hit the manticore. You freeze the manticore.
The manticore is lightly wounded.
You barely miss the manticore.
The manticore is lightly wounded.
The manticore bites you but does no damage.
The manticore claws you.
* * * LOW HITPOINT WARNING * * *
The manticore claws you but does no damage.
You slash the manticore! You freeze the manticore.
The manticore is heavily wounded.
Your ballistomycete spore explodes!
The explosion of spores engulfs you!!!
You are confused.
You die...
Fedhas appreciates your contribution to the ecosystem.

~~ #~~~~. .~~
..~~. .~P# #..~ #
.~~.#####..# ###.#
.......#...##P..#.
................
#Pl#..........
###H††....#...
#..†@.P....#
#.....###.#...
..P.....##
........###
.......# ....#..
...#.#. ..P#### ..


You could see a manticore (ally target), a komodo dragon and a friendly
ballistomycete (summoned).

Vanquished Creatures
  3 hydras
  A boulder beetle (D:12)
  A catoblepas (Lair:2)
  2 two-headed ogres
  7 death yaks
  A deep elf pyromancer (D:13)
  A wolf spider (D:13)
  A manticore (D:13)
  3 cyclopes
  4 black mambas
  A merfolk siren (Lair:2)
  2 torpor snails
  Maggie (Lair:2)
  11 cane toads
  2 rime drakes
  8 komodo dragons
  6 trolls
  4 polar bears
  A hornet (D:8)
  13 slime creatures (D:12)
  17 blink frogs
  7 dream sheep
  A shadow (D:10)
  A vampire (D:10)
  6 wyverns
  2 unseen horror simulacra (D:9)
  31 yaks
  A hog (D:13)
  2 basilisks
  A steam dragon (D:9)
  4 nagas (Lair:3)
  5 acid dragons
  8 water moccasins
  A swamp drake (D:11)
  2 orc warriors
  5 ice beasts
  2 black bears
  2 sky beasts (D:8)
  2 ogres
  2 centaurs (D:8)
  A phantom (D:6)
  5 kobold brigands
  7 bullfrogs
  2 scorpions
  8 wights (D:7)
  A hornet simulacrum (D:9)
  8 killer bees
  2 electric eels (Lair:4)
  5 howler monkeys
  2 jellies
  9 orc priests
  2 hounds
  3 iguanas
  13 orc wizards
  15 adders
  A gnoll (D:4)
  2 shadow imps
  3 white imps
  3 ufetubi (D:9)
  6 worms
  3 dart slugs
  60 orcs
  14 endoplasms
  3 giant cockroaches
  3 goblins
  3 hobgoblins
  11 jackals
  4 quokkas
  6 ball pythons
  3 bats
  5 frilled lizards
  14 kobolds
  5 rats
407 creatures vanquished.

Vanquished Creatures (collateral kills)
  Kirke (D:13)
  A boulder beetle (D:12)
  A deep elf pyromancer (D:13)
  A yak (D:10)
  2 hogs (D:13)
  2 water moccasins (Lair:2)
  An orc warrior (D:10)
  An orc priest (D:10)
  A jelly (D:5)
  2 orcs (D:10)
  36 ballistomycete spores
49 creatures vanquished.

Vanquished Creatures (others)
  An orc (D:9)
  A ballistomycete spore (Lair:1)
  15 fungi
  19 plants
36 creatures vanquished.

Grand Total: 492 creatures vanquished

Notes
Turn   | Place    | Note
-------+----------+-------------------------------------------
     0 | D:1      | ragingrage the Barachi Fighter began the quest for the Orb.
     0 | D:1      | Reached XP level 1. HP: 18/18 MP: 1/1
   269 | D:1      | Found a faded altar of an unknown god.
   319 | D:1      | Prayed at the altar of an unknown god.
   319 | D:1      | Became a worshipper of Fedhas Madash
   319 | D:1      | Reached * piety under Fedhas
   507 | D:1      | Reached XP level 2. HP: 25/25 MP: 2/2
  1090 | D:2      | Reached XP level 3. HP: 30/30 MP: 3/3
  1893 | D:2      | Reached ** piety under Fedhas
  1894 | D:2      | Reached XP level 4. HP: 37/37 MP: 4/4
  2397 | D:3      | Reached skill level 5 in Long Blades
  2632 | D:3      | Found a hide-covered altar of Uskayaw.
  2941 | D:4      | Noticed an orc warrior
  3115 | D:3      | HP: 1/37 [orc priest/nerve-wracking pain (8)]
  3117 | D:3      | Reached XP level 5. HP: 1/42 MP: 5/5
  3389 | D:4      | Noticed a water moccasin
  3426 | D:4      | Reached XP level 6. HP: 46/48 MP: 6/6
  3693 | D:4      | Reached *** piety under Fedhas
  3811 | D:4      | Found a radiant altar of Vehumet.
  3951 | D:5      | Entered Level 5 of the Dungeon
  3953 | D:5      | Noticed an ice beast
  3976 | D:5      | Killed an ice beast
  4007 | D:5      | Reached XP level 7. HP: 45/53 MP: 7/7
  4078 | D:5      | Found a stormy altar of Qazlal.
  4380 | D:5      | Found a staircase to the Ecumenical Temple.
  4634 | D:5      | Reached **** piety under Fedhas
  4704 | D:5      | Reached skill level 10 in Long Blades
  4836 | D:6      | Reached XP level 8. HP: 42/60 MP: 8/8
  4863 | D:6      | Found a burning altar of Makhleb.
  5135 | D:6      | Found a glowing drain.
  5157 | Sewer    | Entered a sewer
  6226 | D:7      | Reached ***** piety under Fedhas
  6261 | D:7      | Reached skill level 1 in Invocations
  6261 | D:7      | Reached XP level 9. HP: 24/64 MP: 9/9
  6853 | D:8      | Found a white marble altar of Elyvilon.
  6853 | D:8      | Noticed a hornet
  6908 | D:8      | Noticed a two-headed ogre
  6926 | D:8      | Killed a two-headed ogre
  6927 | D:8      | Reached skill level 5 in Invocations
  6927 | D:8      | Reached skill level 4 in Fighting
  7027 | D:8      | Killed a hornet
  7028 | D:8      | Reached skill level 1 in Dodging
  7028 | D:8      | Reached XP level 10. HP: 58/73 MP: 13/13
  7864 | D:9      | Reached skill level 5 in Fighting
  7940 | D:9      | Reached skill level 5 in Armour
  8117 | D:9      | Got Neuhiac's Essays on Congelation and the Map
  8174 | D:9      | Reached skill level 5 in Shields
  8494 | D:9      | Paralysed by a hornet for 3 turns
  8500 | D:9      | HP: 2/76 [hornet (2)]
  8695 | D:10     | Entered Level 10 of the Dungeon
  8695 | D:10     | Noticed Maurice
  8697 | D:10     | Noticed Maurice
  8697 | D:10     | Maurice changed into Maurice the acid dragon
  8707 | D:10     | Killed Maurice the acid dragon
  8792 | D:10     | Found an ancient bone altar of Kikubaaqudgha.
  8794 | D:10     | Found an ornate altar of the Wu Jian Council.
  8802 | D:10     | Reached skill level 6 in Fighting
  8904 | D:10     | Noticed a two-headed ogre
  8929 | D:10     | Killed a two-headed ogre
  9060 | D:10     | Found a staircase to the Lair.
  9132 | D:10     | Reached XP level 11. HP: 83/83 MP: 12/15
  9214 | D:10     | Reached skill level 7 in Fighting
  9214 | D:10     | Reached skill level 5 in Dodging
  9314 | D:10     | Found a runed translucent gate.
  9315 | D:10     | Found a runed translucent gate.
  9317 | D:10     | Found a runed translucent gate.
  9318 | D:10     | Noticed ragingrage's ghost (novice DsCK)
  9360 | D:10     | Found a hazy altar of Hepliaklqana.
  9876 | D:11     | Reached skill level 1 in Evocations
  9922 | D:11     | Found a staircase to the Orcish Mines.
 10337 | D:11     | Noticed a cyclops
 10346 | D:11     | Killed a cyclops
 10524 | D:11     | Identified a scroll of acquirement
 10524 | D:11     | Acquired 1264 gold pieces
 10807 | D:12     | Noticed a cyclops
 10811 | D:12     | Noticed a boulder beetle
 10821 | D:12     | Killed a cyclops
 10822 | D:12     | Reached skill level 8 in Fighting
 10822 | D:12     | Killed a boulder beetle
 11298 | D:12     | Reached XP level 12. HP: 73/94 MP: 17/17
 11369 | D:12     | Noticed a boulder beetle
 11385 | D:12     | Killed a boulder beetle
 11386 | D:12     | Reached skill level 9 in Fighting
 11592 | D:12     | Reached skill level 5 in Evocations
 11947 | D:13     | Noticed Kirke
 11995 | D:13     | Killed Kirke
 12093 | D:13     | Reached skill level 10 in Fighting
 12328 | Lair:1   | Entered Level 1 of the Lair of Beasts
 12469 | Lair:1   | Noticed a death yak
 12478 | Lair:1   | Reached skill level 11 in Fighting
 12481 | Lair:1   | Killed a death yak
 12584 | Lair:1   | Reached skill level 12 in Fighting
 12687 | Lair:1   | Identified the +1 flail "Q" {pain, +Blink rC+}
 12835 | Lair:1   | Gained mutation: You can hop long distances. [Barachi
                  | growth]
 12835 | Lair:1   | Reached XP level 13. HP: 79/109 MP: 19/19
 13077 | Lair:1   | Reached skill level 13 in Fighting
 13410 | Lair:2   | Reached skill level 14 in Fighting
 13412 | Lair:2   | Noticed Maggie
 13423 | Lair:2   | Killed Maggie
 13967 | Lair:2   | Found a staircase to the Shoals.
 14049 | Lair:3   | Reached skill level 15 in Fighting
 14137 | Lair:3   | Found a staircase to the Snake Pit.
 15389 | Lair:4   | Found a staircase to the Slime Pits.
 15465 | Lair:4   | Reached XP level 14. HP: 123/123 MP: 21/21
 15628 | Lair:4   | Reached skill level 10 in Armour
 16106 | Lair:5   | Entered Level 5 of the Lair of Beasts
 16155 | Lair:5   | Killed by an exploding ballistomycete spore

Illustrated notes

Levels and vault maps discovered:
D:1:      dpeg_arrival_renting, layout_loops_ring,
          shapermc_ecumenical_altar_acropolis
D:2:      layout_basic
D:3:      layout_basic, mainiacjoe_overflow_surrounded_room, serial_curves,
          eino_curves_03, eino_curves_01, chequers_serial_rivers_small_b
D:4:      minmay_chambers_of_threes, layout_cave_pools, vehumet_crystals,
          palyth_stone_intersect, lightli_corner_chamber
D:5:      layout_basic, overflow_temple_1_default,
          minmay_temple_entry_drinking_statues
D:6:      layout_gridville, old_standard_altar, cheibrodos_sewer_entry_sluice
D:7:      layout_rooms
D:8:      layout_basic, mainiacjoe_overflow_cross_hatched, st_stairs_11
D:9:      layout_basic, serial_ice, serial_ice_o, serial_ice_b, serial_ice_k,
          serial_ice_e, serial_ice_h, serial_ice_g, grunt_ogre_cave
D:10:     layout_roguey, general_overflow_altar, jmf_multi_god_temple,
          lair_entry_dummy, gammafunk_ghost_spectres, uniq_maurice
D:11:     layout_roguey, erik_orc_1
D:12:     layout_loops_corners
D:13:     layout_irregular_city, minmay_shattered_shrine, uniq_kirke
Lair:1:   layout_hall_layers
Lair:2:   layout_roguey, minmay_shoals_entry_lonely_mermaid, uniq_maggie
Lair:3:   layout_chaotic_city, guppyfry_snake_entry_island
Lair:4:   layout_misc_corridors, nicolae_slime_entry_slimehenge, st_stairs_9,
          chequers_serial_rivers_room_b, serial_bayou_shore_a
Lair:5:   gammafunk_lair_ancient_temple, layout_cave_pods, hibernation_bobbens,
          uniq_urug

Skill      XL: |  1  2  3  4  5  6  7  8  9 10 11 12 13 14 |
---------------+-------------------------------------------+-----
Long Blades    | 3 4 5 6 8 10 12 14 | 14.0
Invocations    | 1 5 6 7 9 |  9.7
Fighting       | 4 6 8 12 15 | 15.6
Armour         | 4 6 8 9 10 | 10.1
Dodging        | 1 4 6 7 8 |  8.4
Shields        | 4 5 6 |  6.7
Evocations     | 3 6 7 |  7.4

Action                   |  1- 3 |  4- 6 |  7- 9 | 10-12 | 13-15 || total
-------------------------+-------+-------+-------+-------+-------++-------
Melee: Long sword        |    44 |       |    80 |   310 |       ||   434
       Dagger            |    49 |   193 |   390 |       |       ||   632
       Scimitar          |       |       |       |   253 |   366 ||   619
Throw: Dart              |       |       |     5 |    16 |    33 ||    54
Invok: Wall of Briars    |       |       |     1 |     1 |       ||     2
       Overgrow          |       |       |     1 |     4 |     1 ||     6
       Grow Ballistomyce |       |       |       |     4 |     2 ||     6
 Abil: Hop               |     2 |     2 |     2 |     7 |     4 ||    17
Evoke: Wand              |       |       |       |     8 |     5 ||    13
       Condenser vane    |       |       |       |       |     1 ||     1
  Use: Potion            |     1 |     1 |     2 |     1 |       ||     5
       Scroll            |       |       |     6 |    14 |     7 ||    27
 Stab: Confused          |       |       |       |     9 |       ||     9
Armor: Scale mail        |    43 |    69 |   152 |   225 |    16 ||   505
       Skin              |       |     3 |       |       |       ||     3
       Swamp dragon scal |       |       |       |       |   116 ||   116
Dodge: Dodged            |    42 |    85 |   101 |   245 |   187 ||   660
Block: Buckler           |    26 |    45 |    62 |   105 |    73 ||   311

Table legend: (Time is in decaauts)
 A = Elapsed time spent in this place.
 B = Non-inter-level travel time spent in this place.
 C = Inter-level travel time spent in this place.
 D = Time resting spent in this place.
 E = Time spent auto-exploring this place.
 F = Levels seen in this place.
 G = Mean time per level.
                   A        B        C        D        E       F      G
               +--------+--------+--------+--------+--------+-----+--------+
         Total |  17928 |  16699 |   1229 |   1940 |  10821 |  19 |  943.6 |
       Dungeon |  13357 |  12444 |    913 |   1509 |   8269 |  13 | 1027.5 |
          Lair |   4169 |   3853 |    316 |    414 |   2355 |   5 |  833.8 |
         Sewer |    401 |    401 |      0 |     17 |    197 |   1 |  401.0 |
               +--------+--------+--------+--------+--------+-----+--------+

Top non-repeatable levels by time:
     D:3: 1693 daAuts
    D:12: 1403 daAuts
  Lair:3: 1241 daAuts
    D:11: 1135 daAuts
     D:2: 1090 daAuts
     D:8: 1076 daAuts
  Lair:1: 1062 daAuts
    D:10: 1040 daAuts
     D:6: 980 daAuts
     D:1: 955 daAuts
     D:9: 939 daAuts
     D:5: 929 daAuts
  Lair:2: 921 daAuts
  Lair:4: 902 daAuts
     D:7: 876 daAuts
